AoeStats
← Shark

Arena

511994404Analyzed
4v4 RM · 12d ago on Oct 7, 2026· 34m 58s· 8 players
Game mode
Random Map
Map size
Large (8 player)
Population
200
Speed
Normal
Resources
Standard
Victory
Conquest
Starting age
Dark Age
Ending age
Imperial Age
RankedLock teamsTeams togetherTeam positionsShared explorationLock speedFull tech treeHidden civsTurbo modeCheats
Victory
Defeat
🇹🇷 Burgundians · Türkiye
1166
+11
🇭🇰 Saxons · Hong Kong SAR China
1141
+12
🇬🇧 Wei · United Kingdom
1113
+13
🇺🇸 Mongols · United States
1105
+14
vs
🇦🇷 Bohemians · Argentina
1108
-14
🇮🇪 Japanese · Ireland
1053
-12
🇲🇽 Teutons · Mexico
1036
-12
🇧🇷 Bulgarians · Brazil
1035
-12
ArmandoIsLife
5:59 Loom
9:06 Feudal Age
16:06 Fletching
18:12 Double-Bit Axe
taylorzanin
11:09 Feudal Age
16:17 Castle Age
14:32 Double-Bit Axe
15:07 Horse Collar
21:05 Scale Mail Armor
22:15 Gambesons
24:33 Chain Mail Armor
24:28 Forging
24:45 Loom
26:33 Iron Casting
redjumper99
0:37 Loom
12:32 Feudal Age
13:52 Wheelbarrow
13:05 Double-Bit Axe
13:06 Horse Collar
17:22 Stone Mining
20:51 Castle Age
choripan con chimi
11:47 Feudal Age
10:10 Loom
15:58 Castle Age
14:18 Double-Bit Axe
15:52 Horse Collar
18:08 Bow Saw
Shark
10:31 Feudal Age
12:11 Loom
14:43 Castle Age
16:29 Scale Barding Armor
16:54 Forging
20:52 Horse Collar
22:19 Double-Bit Axe
25:07 Bow Saw
25:33 Town Watch
26:41 Heavy Plow
29:07 Wheelbarrow
29:46 Iron Casting
29:43 Fletching
34:20 Gold Mining
曠曠曠曠曠曠工
10:57 Feudal Age
12:45 Double-Bit Axe
15:33 Castle Age
13:50 Horse Collar
15:09 Gold Mining
16:51 Bow Saw
17:05 Heavy Plow
16:54 Loom
22:27 Wheelbarrow
yenese
7:18 Double-Bit Axe
11:26 Feudal Age
11:33 Loom
15:02 Castle Age
18:08 Horse Collar
23:09 Wheelbarrow
23:14 Bow Saw
29:05 Two-Man Saw
29:00 Hand Cart
35:23 Imperial Age
35:14 Redemption
伐伐伐伐伐木工
10:48 Feudal Age
11:40 Double-Bit Axe
11:58 Horse Collar
14:27 Castle Age
15:25 Bow Saw
16:22 Wheelbarrow
16:37 Loom
Connection lost

Rejoining the realm…

Still unreachable

The connection could not be restored.

Session expired

The server has moved on; the page needs a fresh start.